 Dungeon Crawl Stone Soup version 0.32-a0-918-g0f22ef8d61 (webtiles) character file.

Game seed: 8796123675310922151

2 innerfire43 the Vexing (level 1, 0/15 HPs)
             Began as a Demonspawn Wanderer on Apr 10, 2024.
             Killed from afar by a dart slug (2 damage)
             ... with a slug dart
             ... on level 1 of the Dungeon.
             The game lasted 00:00:34 (78 turns).

innerfire43 the Vexing (Demonspawn Wanderer)          Turns: 78, Time: 00:00:34

Health: 0/15       AC:  2    Str:  9    XL:     1   Next: 33%
Magic:  2/2        EV: 10    Int: 11    God:
Gold:   4          SH:  0    Dex: 16    Spells: 1/2 levels left

rFire   . . .        a - +0 dagger
rCold   . . .        (no shield)
rNeg    . . .        g - +0 robe
rPois   .            (no helmet)
rElec   .            (no cloak)
rCorr   .            (no gloves)
SInv    .            (no boots)
Will    +....        (no amulet)
Stlth   ++           h - ring of willpower
HPRegen 0.22/turn    (no ring)
MPRegen 0.08/turn

%: no passive effects
@: no status effects
A: no striking features
a: no special abilities


You were on level 1 of the Dungeon.
You visited 1 branch of the dungeon, and saw 1 of its levels.

You collected 4 gold pieces.

Inventory:

Hand Weapons
 a - a +0 dagger (weapon)
 e - a +0 dagger
Missiles
 b - 2 atropa-tipped darts (quivered)
 c - 2 datura-tipped darts
 d - 11 poisoned darts
Armour
 g - a +0 robe (worn)
Jewellery
 h - a ring of willpower (left hand)
Scrolls
 f - a scroll of blinking
 i - a scroll of identify {unknown}
 k - a scroll of revelation {unknown}
Potions
 j - a potion of lignification {unknown}


   Skills:
 + Level 1.1 Fighting
 + Level 0.2 Short Blades
 - Level 1.7 Throwing
 + Level 1.1 Armour
 - Level 1.7 Stealth
 - Level 1.0 Spellcasting
 - Level 2.0 Hexes
 - Level 1.0 Evocations


You had one spell level left.
You knew the following spells:

 Your Spells              Type           Power      Damage    Failure   Level
a - Slow                  Hex            16%        N/A       14%         1

Your spell library contained the following spells:

 Spells                   Type           Power      Damage    Failure   Level
 Tukima's Dance           Hex            4%         N/A       38%         3


Dungeon Overview and Level Annotations

Branches:
Dungeon (1/15)

Altars:


Message History

k - a scroll labelled ATAL GECLAE No target in view!
A dart slug and a ball python come into view.
Found 4 stones.
The ball python hisses angrily.
There are monsters nearby!
The dart slug bites you but does no damage.
You barely miss the ball python. The ball python bites you.
The ball python grabs you. The ball python constricts you.
The dart slug bites you.
There are monsters nearby!
You barely miss the ball python.
The ball python bites you but does no damage.
The ball python constricts you.
There are monsters nearby!
You closely miss the ball python. The ball python bites you.
The ball python constricts you. The dart slug launches a dart at you.
The slug dart hits you.
There are monsters nearby!
You are too injured to fight recklessly!
There are monsters nearby!
You are too injured to fight recklessly!
You are too injured to fight recklessly!
There are monsters nearby!
You closely miss the ball python. The ball python bites you.
* * * LOW HITPOINT WARNING * * *
The ball python constricts you.
* * * LOW HITPOINT WARNING * * *
The dart slug bites you.
* * * LOW HITPOINT WARNING * * *
You hit the ball python.
You kill the ball python!
The dart slug closely misses you.
Unknown command.
You hit the dart slug.
The dart slug is moderately wounded.
The dart slug launches a dart at you. The slug dart hits you.
You die...

...# #.##.#####.### ..##
#.##.# #.# #..#### #†##.#
#.# ..##..# #.##.# #.#
...##.# #.#..# #.# ..###.#
#.#.## #.# ...##.# #.# #.#
..###.####.# #####.###...
.#.........# #.@..........
##.##.##.###..(.w...#######
#....##.# #.########
#######.# # #.# #.# #.. #..
...


You could see a dart slug.

Vanquished Creatures
  A goblin (D:1)
  A ball python (D:1)
  A rat (D:1)
3 creatures vanquished.

Notes
Turn   | Place    | Note
-------+----------+-------------------------------------------
     0 | D:1      | innerfire43 the Demonspawn Wanderer began the quest for the
                  | Orb.
     0 | D:1      | innerfire43 set off with the following items: a +0 dagger,
                  | 2 atropa-tipped darts, 2 datura-tipped darts, 11 poisoned
                  | darts, a +0 dagger, a scroll of blinking, a +0 robe; and
                  | the following spell memorised: Slow; and the following
                  | spells available to memorise: Tukima's Dance.
     0 | D:1      | Reached XP level 1. HP: 15/15 MP: 2/2
    78 | D:1      | Killed from afar by a dart slug

Illustrated notes

Levels and vault maps discovered:
D:1:      co_arrival_square_in_a_square_in_a_square, layout_loops_ring

Action                     || total
---------------------------++-------
  Melee: Dagger            ||    12
 Armour: Robe              ||    16
  Dodge: Dodged            ||     4

Table legend: (Time is in decaauts)
 A = Elapsed time spent in this place.
 B = Non-inter-level travel time spent in this place.
 C = Inter-level travel time spent in this place.
 D = Time resting spent in this place.
 E = Time spent auto-exploring this place.
 F = Levels seen in this place.
 G = Mean time per level.
                   A        B        C        D        E       F      G
               +--------+--------+--------+--------+--------+-----+--------+
         Total |     77 |     77 |      0 |      0 |     41 |   1 |   77.0 |
       Dungeon |     77 |     77 |      0 |      0 |     41 |   1 |   77.0 |
               +--------+--------+--------+--------+--------+-----+--------+

Top non-repeatable levels by time:
     D:1: 77 daAuts
